 Dungeon Crawl Stone Soup version 0.30-a0-632-g346586fe48 (webtiles) character file.

Game seed: 7410619800855388151

186 tilp the Shield-Bearer (level 6, -1/52 HPs)
             Began as a Meteoran Fighter on Jan 13, 2023.
             Slain by a river rat (5 damage)
             ... in a sewer.
             The game lasted 00:04:13 (787 turns).

tilp the Shield-Bearer (Meteoran Fighter)            Turns: 787, Time: 00:04:14

Health: -1/52      AC:  9    Str: 17    XL:     6   Next: 19%
Magic:  7/7        EV:  8    Int: 10    God:
Gold:   51         SH:  5    Dex: 16    Spells: 5/5 levels left

rFire   . . .      SeeInvis .    a - +0 long sword
rCold   . . .      Faith    .    c - +0 buckler
rNeg    . . .      Spirit   .    g - +0 chain mail
rPois   .          Reflect  .    (no helmet)
rElec   .          Harm     .    (no cloak)
rCorr   .          Rampage  .    (no gloves)
Will    .....                    (no boots) Stlth
                                 (no amulet)
HPRegen 0.28/turn                (no ring)
MPRegen 0.10/turn                (no ring)

@: mighty, glowing
A: sense surroundings 1, otherworldly, glowing, explore regen
a: no special abilities


You were in a sewer.
You visited 1 branch of the dungeon, and saw 3 of its levels.
You also visited: Sewer.

You collected 51 gold pieces.

Inventory:

Hand Weapons
 a - a +0 long sword (weapon)
Missiles
 f - 41 stones (quivered)
 m - a curare-tipped dart
 p - 2 poisoned darts
Armour
 b - a +0 scale mail
 c - a +0 buckler (worn)
 g - a +0 chain mail (worn)
Scrolls
 h - a scroll of brand weapon {unknown}
 i - a scroll of teleportation {unknown}
 k - a scroll of poison {unknown}
 q - a scroll of blinking {unknown}
Potions
 e - a potion of resistance {unknown}
 j - a potion of mutation {unknown}
 l - 2 potions of curing {unknown}
 n - a potion of cancellation {unknown}
 o - a potion of heal wounds {unknown}


   Skills:
 - Level 4.0 Fighting
 + Level 3.6 Long Blades
 - Level 4.0 Armour
 * Level 3.7 Dodging
 + Level 1.3 Stealth
 - Level 4.0 Shields


You had 5 spell levels left.
You didn't know any spells.
Your spell library was empty.

Dungeon Overview and Level Annotations

Branches:
Dungeon (3/15) Zot: 1150    Sewer (1/1) Zot: 379

Altars:

Shops:
D:1 ((


Innate Abilities, Weirdness & Mutations

You passively map a small area around you.
You are easily found by Zot.
You glow in the dark.
You regain HP and MP as you explore.


Message History

The adder is lightly wounded.
You feel sick.
You are no longer poisoned.
You block the adder's attack.
The frilled lizard bites you but does no damage.
The river rat bites you but does no damage.
The adder bites you but does no damage.
You slash the adder!
You kill the adder!
You block the frilled lizard's attack. You block the rat's attack.
You hit the river rat.
The river rat is lightly wounded.
You block the river rat's attack. The frilled lizard closely misses you.
The rat barely misses you. You block the rat's attack. The river rat bites you!
* * * LOW HITPOINT WARNING * * *
The frilled lizard bites you.
* * * LOW HITPOINT WARNING * * *
The rat barely misses you.
You hit the river rat but do no damage.
The river rat is lightly wounded.
The rat bites you but does no damage. The river rat bites you!
* * * LOW HITPOINT WARNING * * *
You block the rat's attack. You block the frilled lizard's attack.
The rat bites you but does no damage.
Unknown command.
You slash the frilled lizard!
You kill the frilled lizard!
You block the river rat's attack. The rat bites you but does no damage.
The rat bites you.
* * * LOW HITPOINT WARNING * * *
The rat twitches its whiskers.
The rat bites you but does no damage.
Unknown command.
You closely miss the river rat.
The river rat is lightly wounded.
The river rat bites you but does no damage.
You block the rat's attack. x2
The rat twitches its whiskers.
The rat closely misses you. The river rat bites you.
You die...

..#......~≈~~.....#
#.........~~~.....#
##.......~~≈~.....##
##......~~≈.......#
##....~~~≈≈~rrrr..#
#......~~≈~~~.S#...#
#......≈≈≈~≈~.###..#
#..#...~≈≈≈≈~rr###..#
#.###..~≈≈≈≈~rSr@#,.#
#∩ ##...≈≈≈≈~~rrrr..#
## #...~~≈≈≈~~.rS..##
##....~≈≈≈≈#....##
#.†...≈≈≈≈≈##...#
##.....~≈≈≈≈~##..#
#.....~~≈≈≈≈~##..#
#.....~≈≈≈≈≈~#....
#.....≈≈≈≈≈≈≈~


You could see a river rat, 2 ball pythons and 8 rats.

Vanquished Creatures
  A kobold brigand (Sewer)
  3 adders
  3 river rats (Sewer)
  A dart slug (D:1)
  3 endoplasms
  3 giant cockroaches (D:1)
  6 goblins
  4 hobgoblins
  4 jackals (D:1)
  10 kobolds
  3 quokkas
  3 ball pythons
  3 bats
  4 frilled lizards
  15 rats
66 creatures vanquished.

Notes
Turn   | Place    | Note
-------+----------+-------------------------------------------
     0 | D:1      | tilp the Meteoran Fighter began the quest for the Orb.
     0 | D:1      | Reached XP level 1. HP: 19/19 MP: 2/2
    59 | D:1      | Reached XP level 2. HP: 26/26 MP: 3/3
    76 | D:1      | Found Onwuv's Antique Weapon Shop.
    94 | D:1      | Found Lazaem's Weapon Boutique.
   144 | D:1      | Reached skill level 1 in Dodging
   164 | D:1      | Reached XP level 3. HP: 24/31 MP: 4/4
   289 | D:2      | Reached XP level 4. HP: 33/38 MP: 5/5
   583 | D:3      | Found a glowing drain.
   587 | Sewer    | Entered a sewer
   615 | Sewer    | Noticed a kobold brigand
   630 | Sewer    | Killed a kobold brigand
   631 | Sewer    | Reached skill level 1 in Stealth
   631 | Sewer    | Reached XP level 5. HP: 17/46 MP: 6/6
   774 | Sewer    | Reached XP level 6. HP: 45/52 MP: 7/7
   787 | Sewer    | Slain by a river rat

Illustrated notes

Levels and vault maps discovered:
D:1:      dpeg_arrival_orchard, layout_rooms, serial_shops, shop, shop,
          minmay_pentomino_p2
D:2:      layout_basic, basic_altar, chequers_ecumenical_altar_grove
D:3:      layout_loops_corners, gup_sewer_entry_spiral, uniq_pargi, uniq_sigmund
Sewer:    sewer_minmay_treatment

Skill      XL: |  1  2  3  4 |
---------------+-------------+-----
Dodging        | 1 2 3 |  3.7
Shields        | 4 |  4.0
Armour         | 4 |  4.0
Long Blades    | 3 |  3.6
Fighting       | 4 |  4.0
Stealth        | 1 |  1.3

Action                   |  1- 3 |  4- 6 || total
-------------------------+-------+-------++-------
Melee: Long sword        |    91 |   108 ||   199
  Use: Potion            |       |     1 ||     1
Armor: Scale mail        |     7 |       ||     7
       Chain mail        |    60 |   105 ||   165
Dodge: Dodged            |    41 |    59 ||   100
Block: Buckler           |    20 |    42 ||    62

Table legend: (Time is in decaauts)
 A = Elapsed time spent in this place.
 B = Non-inter-level travel time spent in this place.
 C = Inter-level travel time spent in this place.
 D = Time resting spent in this place.
 E = Time spent auto-exploring this place.
 F = Levels seen in this place.
 G = Mean time per level.
                   A        B        C        D        E       F      G
               +--------+--------+--------+--------+--------+-----+--------+
         Total |    868 |    861 |      7 |      0 |      0 |   4 |  217.0 |
       Dungeon |    649 |    642 |      7 |      0 |      0 |   3 |  216.3 |
         Sewer |    219 |    219 |      0 |      0 |      0 |   1 |  219.0 |
               +--------+--------+--------+--------+--------+-----+--------+

Top non-repeatable levels by time:
     D:1: 271 daAuts
     D:3: 258 daAuts
   Sewer: 219 daAuts
     D:2: 119 daAuts
